 Dungeon Crawl Stone Soup version 0.30-a0-313-gae38170b09 (webtiles) character file.

Game seed: 11679196644102164119

7 ryw the Trooper (level 1, -3/18 HPs)
             Began as a Demonspawn Monk on Oct 26, 2022.
             Slain by a worm (10 damage)
             ... on level 1 of the Dungeon.
             The game lasted 00:00:28 (199 turns).

ryw the Trooper (Demonspawn Monk)                    Turns: 199, Time: 00:00:28

Health: -3/18      AC:  2    Str: 11    XL:     1   Next: 83%
Magic:  1/1        EV: 12    Int: 11    God:
Gold:   0          SH:  0    Dex: 15    Spells: 0/0 levels left

rFire   . . .      SeeInvis .    f - +0 dagger (freeze)
rCold   . . .      Faith    .    (no shield)
rNeg    . . .      Spirit   .    a - +0 robe
rPois   .          Reflect  .    (no helmet)
rElec   .          Harm     .    (no cloak)
rCorr   .          Rampage  .    (no gloves)
Will    .....                    (no boots)
Stlth   ++........               (no amulet)
HPRegen 0.23/turn                (no ring)
MPRegen 0.07/turn                (no ring)

@: no status effects
A: no striking features
a: no special abilities


You were on level 1 of the Dungeon.
You visited 1 branch of the dungeon, and saw 2 of its levels.

Inventory:

Hand Weapons
 f - a +0 dagger of freezing (weapon)
Armour
 a - a +0 robe (worn)
Scrolls
 c - a scroll of immolation {unknown}
 d - a scroll of identify {unknown}
 e - a scroll of enchant armour {unknown}
 g - a scroll of poison {unknown}
Potions
 b - a potion of ambrosia


   Skills:
 + Level 3.5 Fighting
 - Level 2.6 Dodging
 - Level 1.7 Stealth
 - Level 2.6 Unarmed Combat


You couldn't memorise any spells.
You didn't know any spells.
Your spell library was empty.

Dungeon Overview and Level Annotations

Branches:
Dungeon (2/15)

Altars:


Message History

The ball python grabs you. The ball python constricts you.
You hit the ball python.
The ball python seems to slow down.
You freeze the ball python.
You kill the ball python!
You closely miss the kobold. The kobold misses you.
You barely miss the kobold.
The kobold hits you with a +0 short sword.
You hit the kobold. You freeze the kobold.
You kill the kobold!
No target in view!
No target in view!
Things that are here:
a +0 short sword; 5 stones; a kobold corpse
Found a stone staircase leading down.
Found a stone staircase leading down.
g - a scroll labelled VAVOIP MYPSU
There is a stone staircase leading down here.
You climb downwards.
Found 8 gold pieces and a sling.
There is a stone staircase leading up here.
Unknown command.
The helpless worm fails to defend itself.
You hit the worm. You freeze the worm.
The worm is heavily wounded.
You barely miss the worm.
The worm is heavily wounded.
The endoplasm quivers.
The worm closely misses you.
You barely miss the worm.
The worm is heavily wounded.
You can't go down here!
The worm bites you!
Ouch! That really hurt!
You climb upwards.
There is a stone staircase leading down here.
You barely miss the worm.
The worm is moderately wounded.
The worm bites you!
Ouch! That really hurt!
You die...

#. .## #.# #. ...
... #. #.# #.# #.
#.# #.# #. #.#
#.####### #. #.#
#.##.....
#.#####.###.##.####
#.@w........##.#
#...###.....)..#
#.>.# #)########
#...# #.. ##.##
#### #.# #.# #.#


You could see a worm.

Vanquished Creatures
  A ball python (D:1)
  An endoplasm (D:1)
  2 kobolds (D:1)
  A goblin (D:1)
  A rat (D:1)
6 creatures vanquished.

Notes
Turn   | Place    | Note
-------+----------+-------------------------------------------
     0 | D:1      | ryw the Demonspawn Monk began the quest for the Orb.
     0 | D:1      | Reached XP level 1. HP: 18/18 MP: 1/1
   199 | D:1      | Slain by a worm

Illustrated notes

Levels and vault maps discovered:
D:1:      spicycebolla_arrival_ecumenical, layout_loops_ring,
          nicolae_figureground_sparkle
D:2:      layout_rooms, basic_altar, uniq_terence

Action                   || total
-------------------------++-------
Melee: Dagger            ||    11
       Unarmed           ||     9
       Punch             ||     1
 Stab: Sleeping          ||     1
Armor: Robe              ||     2
Dodge: Dodged            ||     6

Table legend: (Time is in decaauts)
 A = Elapsed time spent in this place.
 B = Non-inter-level travel time spent in this place.
 C = Inter-level travel time spent in this place.
 D = Time resting spent in this place.
 E = Time spent auto-exploring this place.
 F = Levels seen in this place.
 G = Mean time per level.
                   A        B        C        D        E       F      G
               +--------+--------+--------+--------+--------+-----+--------+
         Total |    198 |    198 |      0 |      0 |    146 |   2 |   99.0 |
       Dungeon |    198 |    198 |      0 |      0 |    146 |   2 |   99.0 |
               +--------+--------+--------+--------+--------+-----+--------+

Top non-repeatable levels by time:
     D:1: 193 daAuts
     D:2: 4 daAuts
